 Dungeon Crawl Stone Soup version 0.31-a0-968-g24f9ace8b5 (webtiles) character file.

Game seed: 6810708820820983895

88 Dittersdorf the Trooper (level 4, -3/29 HPs)
             Began as a Gargoyle Fighter on Oct 27, 2023.
             Slain by Eustachio
             ... wielding a +0 rapier
              (4 damage)
             ... on level 4 of the Dungeon.
             The game lasted 00:01:58 (2165 turns).

Dittersdorf the Trooper (Gargoyle Fighter)          Turns: 2165, Time: 00:01:59

Health: -3/29      AC: 10    Str: 22      XL:     4   Next: 53%
Magic:  4/4        EV:  9    Int:  8      God:
Gold:   60         SH:  4    Dex:  6 (9)  Spells: 3/3 levels left

rFire   . . .        a - +0 flail
rCold   . . .        c - +0 buckler
rNeg    + . .        b - +0 scale mail
rPois   ∞            (no helmet)
rElec   +            (no cloak)
rCorr   .            (no gloves)
SInv    .            (no boots)
Will    .....        (no amulet) Stlth
                     (no ring)
HPRegen 0.24/turn    (no ring)
MPRegen 0.09/turn

%: no passive effects
@: no status effects
A: sickness immunity, AC +3, negative energy resistance 1, electricity
resistance, torment resistance 1, petrification resistance
a: no special abilities


You were on level 4 of the Dungeon.
You visited 1 branch of the dungeon, and saw 4 of its levels.

You collected 60 gold pieces.

Inventory:

Hand Weapons
 a - a +0 flail (weapon)
Armour
 b - a +0 scale mail (worn)
 c - a +0 buckler (worn)
Jewellery
 l - a ring of wizardry
Scrolls
 e - 2 scrolls of fog {unknown}
 f - a scroll of blinking {unknown}
 i - 2 scrolls of amnesia {unknown}
 j - a scroll of revelation {unknown}
 n - 2 scrolls of teleportation {unknown}
 q - 4 scrolls of identify {unknown}
 r - a scroll of vulnerability {unknown}
Potions
 d - a potion of might
 g - 2 potions of curing {unknown}
 k - a potion of berserk rage {unknown}
 m - a potion of attraction {unknown}
 o - a potion of ambrosia {unknown}
 p - a potion of magic {unknown}


   Skills:
 + Level 4.0 Fighting
 + Level 2.8 Maces & Flails
 + Level 4.0 Armour
 + Level 4.0 Shields


You had 3 spell levels left.
You didn't know any spells.
Your spell library contained the following spells:

 Spells                   Type           Power      Damage    Failure   Level
 Inner Flame              Hex/Fire       0%         N/A       99%         3
 Flame Wave               Conj/Fire      0%         2d4       100%        4
 Sticky Flame             Conj/Fire      0%         2d3       100%        4


Dungeon Overview and Level Annotations

Branches:
Dungeon (4/15)
 Temple: D:4-7

Altars:

Shops:
D:1 [

Annotations:
D:4 Eustachio


Innate Abilities, Weirdness & Mutations

You are immune to sickness and miasma.
Your stone body is resilient. (AC +3)
You are immune to poison.
You resist negative energy. (rN+)
You are resistant to electric shocks. (rElec)
You are resistant to unholy torment.
You are immune to petrification.


Message History

You miss Eustachio.
Eustachio is severely wounded.
The ufetubus misses you. You block the ufetubus's attack.
The quasit bites you but does no damage.
You block the quasit's attack. The quasit barely misses you.
The quasit bites you. The quasit claws you.
You feel clumsy. You block the quasit's attack.
Eustachio hits you but does no damage.
The river rat bites you but does no damage.
The rat bites you.
* * * LOW HITPOINT WARNING * * *
The ufetubus hits you but does no damage. x2
The quasit bites you but does no damage.
The quasit claws you but does no damage.
The quasit misses you.
The quasit bites you but does no damage.
The quasit barely misses you. The quasit closely misses you.
Eustachio barely misses you. The river rat barely misses you.
You miss Eustachio.
Eustachio is severely wounded.
The ufetubus barely misses you.
The ufetubus hits you but does no damage.
The rat bites you but does no damage. The quasit closely misses you.
The quasit claws you but does no damage. x2
The quasit completely misses you. You block the quasit's attack.
The quasit barely misses you. The ufetubus barely misses you.
The ufetubus hits you but does no damage.
Eustachio hits you but does no damage. The river rat bites you.
* * * LOW HITPOINT WARNING * * *
The rat bites you but does no damage.
The quasit bites you but does no damage.
You block the quasit's attack. The quasit closely misses you.
The quasit bites you but does no damage.
The quasit barely misses you. The quasit claws you.
* * * LOW HITPOINT WARNING * * *
You feel clumsy.
The ufetubus hits you but does no damage.
The ufetubus barely misses you. Eustachio hits you with a +0 rapier.
You die...
Eustachio twirls his moustache.

#.#######.#..
##.....#......
##.............
#..............
#....?(.......(
#......b...(...
#.....55r......
#......@@b....(
#......r5......
##.............
##...........#
#............
#......######
........
.........


You could see Eustachio, 2 quasits, a river rat (summoned), an ufetubus
(summoned), 2 bats and a rat (summoned).

Vanquished Creatures
  An adder (D:2)
  A gnoll (D:1)
  A worm (D:3)
  2 dart slugs
  An orc (D:3)
  4 ball pythons
  5 endoplasms
  2 giant cockroaches (D:1)
  5 goblins
  9 hobgoblins
  4 jackals (D:2)
  3 quokkas
  5 bats
  4 frilled lizards
  5 kobolds
  3 rats
55 creatures vanquished.

Notes
Turn   | Place    | Note
-------+----------+-------------------------------------------
     0 | D:1      | Dittersdorf the Gargoyle Fighter began the quest for the
                  | Orb.
     0 | D:1      | Reached XP level 1. HP: 14/14 MP: 1/1
    62 | D:1      | Found a faded altar of an unknown god.
   131 | D:1      | Reached XP level 2. HP: 19/19 MP: 2/2
   439 | D:1      | Found Tonoesh's Antique Armour Shop.
   565 | D:1      | Reached XP level 3. HP: 23/23 MP: 3/3
   929 | D:2      | Reached XP level 4. HP: 26/29 MP: 4/4
  2146 | D:4      | Noticed Eustachio
  2164 | D:4      | HP: 1/29 [river rat[Eustachio] (6)]
  2165 | D:4      | Slain by Eustachio

Illustrated notes

Levels and vault maps discovered:
D:1:      pf_arrival_petrified_forest, layout_loops_ring, serial_shops, shop,
          chequers_ecumenical_altar_island, minmay_split_cup_large
D:2:      layout_loops_ring
D:3:      layout_basic
D:4:      layout_rooms, serial_curves, eino_curves_02, eino_curves_03,
          ebering_ghost_inner_flame, uniq_robin, uniq_eustachio, uniq_duvessa

Skill      XL: |  1  2  3  4 |
---------------+-------------+-----
Fighting       | 4 |  4.0
Shields        | 4 |  4.0
Armour         | 4 |  4.0
Maces & Flails | |  2.8

Action                     |  1- 3 |  4- 6 || total
---------------------------+-------+-------++-------
  Melee: Flail             |   135 |    80 ||   215
  Throw: Dart              |       |     5 ||     5
 Armour: Scale mail        |    92 |   106 ||   198
  Dodge: Dodged            |    65 |    84 ||   149
  Block: Buckler           |    30 |    23 ||    53

Table legend: (Time is in decaauts)
 A = Elapsed time spent in this place.
 B = Non-inter-level travel time spent in this place.
 C = Inter-level travel time spent in this place.
 D = Time resting spent in this place.
 E = Time spent auto-exploring this place.
 F = Levels seen in this place.
 G = Mean time per level.
                   A        B        C        D        E       F      G
               +--------+--------+--------+--------+--------+-----+--------+
         Total |   2236 |   2125 |    111 |      0 |   1645 |   4 |  559.0 |
       Dungeon |   2236 |   2125 |    111 |      0 |   1645 |   4 |  559.0 |
               +--------+--------+--------+--------+--------+-----+--------+

Top non-repeatable levels by time:
     D:1: 861 daAuts
     D:2: 720 daAuts
     D:3: 633 daAuts
     D:4: 22 daAuts
